 Dungeon Sprint DCSS version 0.19-a0-1490-g5dd3618 (webtiles) character file.

625 poirepourri the Covert (level 7, -12/32 HPs)
             Began as a Spriggan Enchanter on Sept 8, 2016.
             Was an Initiate of Dithmenos.
             Shot with an arrow by a centaur warrior (24 damage)
             ... in the Dungeon (Sprint I: "Red Sonja").
             The game lasted 00:01:19 (483 turns).

poirepourri the Covert (Spriggan Enchanter)          Turns: 483, Time: 00:01:20

Health: -12/32     AC:  3    Str:  4    XL:     7   Next: 23%
Magic:  19/19      EV: 25    Int: 16    God:    Dithmenos [......]
Gold:   414        SH:  0    Dex: 19    Spells: 5 memorised, 9 levels left

rFire  . . .     SeeInvis +     a - +1 dagger
rCold  . . .     Gourm    .     b - +1 robe
rNeg   . . .     Faith    .     (shield restricted)
rPois  .         Spirit   .     (helmet restricted)
rElec  .         Dismiss  .     (no cloak)
rCorr  .         Reflect  .     (gloves unavailable)
MR     +....     Harm     .     (boots unavailable)
Stlth  ++++...... NoTele   +    (no amulet)
                                (no ring)
                                (no ring)

@: very quick
A: unfitting armour, see invisible, herbivore 3, speed 3, slow metabolism 2
a: Renounce Religion


You were in the Dungeon.
You worshipped Dithmenos.
Dithmenos was noncommittal.
You were not hungry.

You visited 1 branch You collected 414 gold pieces.

Inventory:

Hand Weapons
 a - a +1 dagger (weapon)
Armour
 b - a +1 robe (worn)
Scrolls
 j - a scroll of blinking
Potions
 e - 2 potions of curing
 f - a potion of heal wounds
 g - a potion of haste
 h - 2 potions of magic
Books
 c - a book of Maledictions

   Spells                             Type                      Level
   a - Corona                         Hexes                        1
   b - Ensorcelled Hibernation        Hexes/Ice                    2
   c - Confuse                        Hexes                        3
   d - Tukima's Dance                 Hexes                        3
   e - Dazzling Spray                 Conjuration/Hexes            3
Comestibles
 d - a bread ration


   Skills:
 + Level 3.2 Short Blades
 + Level 8.3 Dodging
 + Level 13.9 Stealth
 + Level 7.9 Spellcasting
 + Level 11.4 Hexes
 + Level 1.4 Ice Magic


You had 9 spell levels left.
You knew the following spells:

 Your Spells              Type           Power        Failure   Level  Hunger
a - Corona                Hex            #####..      1%          1    None
b - Ensorcelled Hibernat  Hex/Ice        ####..       1%          2    None
c - Confuse               Hex            #####...     1%          3    ##.....
d - Tukima's Dance        Hex            #####...     1%          3    ##.....
e - Dazzling Spray        Conj/Hex       ###...       3%          3    ##.....


Dungeon Overview and Level Annotations

Branches:
Dungeon (1/1)

Altars:
Cheibriados
Dithmenos
Elyvilon
Fedhas
Gozag
Hepliaklqana
Kikubaaqudgha
Makhleb
Nemelex Xobeh
Okawaru
Qazlal
Ru
Sif Muna
Trog
Uskayaw
Vehumet
Xom
Yredelemnul
Zin
The Shining One
Jiyva
Lugonu

Shops:
D =


Innate Abilities, Weirdness & Mutations

You are tiny and cannot use many weapons and most armour.
You have supernaturally acute eyesight. (SInv)
You are a herbivore.
You cover ground extremely quickly.
You need consume almost no food.


Message History

You hear a splash.
The centaur warrior wields a shortbow.
The centaur warrior shoots an arrow.
The arrow completely misses you.
You hear a splash.
Found 3 scrolls labeled URIAME SOPTYRR.
You see here an arrow.
Blink to where?
Press: ? - help, Dir - move target cursor You can't see that place. [Stash: a beef jerky] [the floor.]
You can't see that place.
Okay, then.
Unknown command.
Casting: Ensorcelled Hibernation
Confirm with . or Enter, or press ? or * to list all spells.
Okay, then.
The centaur warrior shoots an arrow.
The arrow hits you!!
Ouch! That really hurt!
You die...

#####################
<.#.†'..#.)'..#__#..+
..'..#..'..#..'^.'..#
..#####'#####'#__####
..####..#...#.####$c#
).#__####..##%#§§§§.#
..#_____##'#..§§@§c.+
⌠⌠#_.∩...'÷..§#§§§§§#
###_..__##_.#'##+####
#_____###+#.# #######
###


You could see 2 centaur warriors.

Vanquished Creatures
  A slime creature (D)
  A yak (D)
  Sigmund (D)
  An ogre (D)
  A jelly (D)
  Ijyb (D)
6 creatures vanquished.

Notes
Turn   | Place    | Note
-------+----------+-------------------------------------------
     0 | D        | poirepourri the Spriggan Enchanter began the quest for the Orb.
     0 | D        | Reached XP level 1. HP: 9/9 MP: 5/5
     3 | D        | Noticed Ijyb
     9 | D        | Killed Ijyb
     9 | D        | Reached skill level 7 in Stealth
     9 | D        | Reached skill level 5 in Hexes
     9 | D        | Reached XP level 2. HP: 10/13 MP: 5/7
    77 | D        | Learned a level 2 spell: Ensorcelled Hibernation
    78 | D        | Noticed an ogre
    98 | D        | Killed an ogre
    98 | D        | Reached skill level 5 in Dodging
    98 | D        | Reached skill level 9 in Stealth
    98 | D        | Reached skill level 5 in Spellcasting
    98 | D        | Reached XP level 3. HP: 16/16 MP: 2/10
    98 | D        | Reached XP level 4. HP: 21/21 MP: 2/12
   178 | D        | Learned a level 3 spell: Confuse
   182 | D        | Learned a level 3 spell: Tukima's Dance
   186 | D        | Learned a level 3 spell: Dazzling Spray
   186 | D        | Noticed Sigmund
   189 | D        | Killed Sigmund
   189 | D        | Reached skill level 11 in Stealth
   189 | D        | Reached skill level 1 in Ice Magic
   189 | D        | Reached XP level 5. HP: 24/24 MP: 13/15
   215 | D        | Found a deep blue altar of Sif Muna.
   217 | D        | Found a radiant altar of Vehumet.
   221 | D        | Reached XP level 6. HP: 28/28 MP: 16/16
   249 | D        | Found Ciagrodukk's Jewellery Emporium.
   249 | D        | Found an ancient bone altar of Kikubaaqudgha.
   249 | D        | Found a hazy altar of Hepliaklqana.
   249 | D        | Found a stormy altar of Qazlal.
   249 | D        | Found a hide-covered altar of Uskayaw.
   249 | D        | Found a blossoming altar of Fedhas.
   249 | D        | Found a bloodstained altar of Trog.
   249 | D        | Found an iron altar of Okawaru.
   249 | D        | Found a basalt altar of Yredelemnul.
   249 | D        | Found a glowing golden altar of the Shining One.
   249 | D        | Found a snail-covered altar of Cheibriados.
   249 | D        | Found a sacrificial altar of Ru.
   249 | D        | Found a glowing silver altar of Zin.
   249 | D        | Found a shadowy altar of Dithmenos.
   249 | D        | Found a white marble altar of Elyvilon.
   249 | D        | Noticed a yak
   255 | D        | Killed a yak
   255 | D        | Reached skill level 13 in Stealth
   255 | D        | Reached skill level 10 in Hexes
   257 | D        | Found an opulent altar of Gozag.
   258 | D        | Found a sparkling altar of Nemelex Xobeh.
   266 | D        | Became a worshipper of Dithmenos the Shadowed
   310 | D        | Found a burning altar of Makhleb.
   310 | D        | Found a viscous altar of Jiyva.
   310 | D        | Found a shimmering altar of Xom.
   310 | D        | Found a corrupted altar of Lugonu.
   310 | D        | Noticed a slime creature
   313 | D        | Killed a slime creature
   313 | D        | Reached XP level 7. HP: 17/32 MP: 19/19
   480 | D        | Noticed a centaur warrior
   480 | D        | Noticed a centaur warrior
   483 | D        | Shot with an arrow by a centaur warrior

Vault maps used:
D:        dungeon_sprint_1

Skill      XL: |  1  2  3  4  5  6 |
---------------+-------------------+-----
Dodging        | 4 5 6 7 8 |  8.3
Stealth        | 7 9 11 13 | 13.9
Spellcasting   | 3 5 6 7 |  7.9
Hexes          | 5 7 9 11 | 11.4
Short Blades   | 2 3 |  3.2
Ice Magic      | 1 |  1.4

Action                   |  1- 3 |  4- 6 |  7- 9 || total
-------------------------+-------+-------+-------++-------
Melee: Dagger            |    10 |     6 |       ||    16
 Cast: Ensorcelled Hiber |     3 |     2 |       ||     5
  Use: Potion            |     1 |       |       ||     1
 Stab: Sleeping          |     1 |     4 |       ||     5
Dodge: Dodged            |     6 |     2 |     1 ||     9
